 Dungeon Crawl Stone Soup version 0.26-a0-651-gb41185065b (webtiles) character file.

Game seed: 7315475504612738905

39 flotson the Covered (level 3, 0/28 HPs)
             Began as a Gnoll Wanderer on Sept 29, 2020.
             Slain by a necrophage (2 damage)
             ... on level 2 of the Dungeon.
             The game lasted 00:02:06 (973 turns).

flotson the Covered (Gnoll Wanderer)                 Turns: 973, Time: 00:02:07

Health: 0/28       AC:  6    Str: 14    XL:     3   Next: 45%
Magic:  0/4        EV: 12    Int: 13    God:
Gold:   44         SH:  0    Dex: 16    Spells: 3/3 levels left

rFire    . . .     SeeInvis .   a - +2 quarterstaff
rCold    . . .     Faith    .   (shield currently unavailable)
rNeg     . . .     Spirit   +   h - +0 ring mail
rPois    .         Reflect  .   (no helmet)
rElec    .         Harm     .   (no cloak)
rCorr    .         Rampage  .   (no gloves)
MR       +....                  (no boots)
Stlth    ++........             e - amulet of guardian spirit
HPRegen  0.09/turn              f - ring of protection from magic (curse)
MPRegen  0.09/turn              (no ring)

@: lethally poisoned (0 -> -3), stab, flying
A: distributed training, fangs 1, strong nose
a: no special abilities


You were on level 2 of the Dungeon.
You visited 1 branch of the dungeon, and saw 2 of its levels.

You collected 44 gold pieces.

Inventory:

Hand Weapons
 a - a +2 quarterstaff (weapon)
Missiles
 c - 4 javelins (quivered)
Armour
 h - a +0 ring mail (worn)
Jewellery
 e - an amulet of guardian spirit (around neck)
 f - a cursed ring of protection from magic (left hand)
Scrolls
 b - 5 scrolls of teleportation
 g - 2 scrolls of identify {unknown}
 i - 3 scrolls of fog {unknown}
 k - a scroll of magic mapping {unknown}


   Skills:
 + Level 2.6 Fighting
 + Level 0.8 Short Blades
 + Level 0.8 Long Blades
 + Level 0.8 Axes
 + Level 0.8 Maces & Flails
 + Level 0.8 Polearms
 + Level 4.5 Staves
 + Level 0.8 Slings
 + Level 0.8 Bows
 + Level 2.6 Crossbows
 + Level 4.5 Throwing
 + Level 4.5 Armour
 + Level 2.6 Dodging
 + Level 2.4 Stealth
 + Level 0.8 Shields
 + Level 0.8 Unarmed Combat
 + Level 0.8 Spellcasting
 + Level 0.5 Conjurations
 + Level 0.5 Hexes
 + Level 0.5 Summonings
 + Level 0.5 Necromancy
 + Level 0.5 Translocations
 + Level 0.5 Transmutations
 + Level 0.5 Fire Magic
 + Level 0.5 Ice Magic
 + Level 0.5 Air Magic
 + Level 0.5 Earth Magic
 + Level 0.5 Poison Magic
 + Level 1.0 Invocations
 + Level 0.8 Evocations


You had 3 spell levels left.
You didn't know any spells.
Your spell library was empty.

Dungeon Overview and Level Annotations

Branches:
Dungeon (2/15)

Altars:


Innate Abilities, Weirdness & Mutations

Your experience applies equally to all skills.
You have very sharp teeth.
Your uncanny sense of smell can sniff out nearby items.


Message History

You feel sick.
The kobold throws a stone.
The stone closely misses you.
You see here a stone.
It was a potion of stabbing.
You feel ready to backstab.
You feel sick. The adder barely misses you. The adder bites you.
* * * LOW HITPOINT WARNING * * *
The necrophage hits you.
* * * LOW HITPOINT WARNING * * *
It was a potion of flight.
You feel very buoyant.
You fly up into the air.
The adder closely misses you.
The necrophage hits you but does no damage.
There is a lethal amount of poison in your body!
You aren't carrying any potions.
Unknown command.
You aren't carrying any potions.
You hit the necrophage.
The necrophage is severely damaged.
The adder barely misses you. The necrophage hits you.
You die...

#................. #.
#>......#......... #.#
#..##..#.........
#..##................
......#.............
#....#........##
#...(...##....#...
#.....$...<....... #
#.@.#.............
#.###.##nS....##.........
.......).K.#..#######....
#.###.........# .#..
#...#####..# # . #.#.
#..# ...#. ##.# ..# #. ..
#.. #. ..


You could see a necrophage, an adder and a kobold (strong).

Vanquished Creatures
  A dart slug (D:1)
  A leopard gecko (D:1)
  A ball python (D:1)
  2 giant cockroaches
  3 goblins (D:1)
  6 hobgoblins (D:1)
  4 jackals (D:1)
  5 bats
  2 frilled lizards
  3 kobolds
  5 rats (D:1)
33 creatures vanquished.

Notes
Turn   | Place    | Note
-------+----------+-------------------------------------------
     0 | D:1      | flotson the Gnoll Wanderer began the quest for the Orb.
     0 | D:1      | flotson set off with the following items: a +2
                  | quarterstaff, 2 scrolls of teleportation, a +0 robe
     0 | D:1      | Reached XP level 1. HP: 17/17 MP: 1/1
    40 | D:1      | Reached XP level 2. HP: 5/23 MP: 2/2
   553 | D:1      | Reached XP level 3. HP: 21/28 MP: 3/3
   954 | D:2      | Reached skill level 1 in Invocations
   957 | D:2      | Noticed a necrophage
   973 | D:2      | Slain by a necrophage

Illustrated notes

Levels and vault maps discovered:
D:1:      lightli_arrival_windingriver, layout_rooms, st_stairs_1
D:2:      layout_rooms, gammafunk_temple_overflow_forgotten, fedhas_altar_1,
          old_standard_altar, kennysheep_generic_room_9, uniq_terence

Skill      XL: |  1  2  3 |
---------------+----------+-----
Invocations    | 1 |  1.0
Fighting       | |  2.6
Short Blades   | |  0.8
Long Blades    | |  0.8
Axes           | |  0.8
Maces & Flails | |  0.8
Polearms       | |  0.8
Staves         | |  4.5
Slings         | |  0.8
Bows           | |  0.8
Crossbows      | |  2.6
Throwing       | |  4.5
Armour         | |  4.5
Dodging        | |  2.6
Stealth        | |  2.4
Shields        | |  0.8
Unarmed Combat | |  0.8
Spellcasting   | |  0.8
Conjurations   | |  0.5
Hexes          | |  0.5
Summonings     | |  0.5
Necromancy     | |  0.5
Translocations | |  0.5
Transmutations | |  0.5
Fire Magic     | |  0.5
Ice Magic      | |  0.5
Air Magic      | |  0.5
Earth Magic    | |  0.5
Poison Magic   | |  0.5
Evocations     | |  0.8

Action                   || total
-------------------------++-------
Melee: Quarterstaff      ||    70
       Bite              ||     7
  Use: Potion            ||     2
Armor: Robe              ||     2
       Ring mail         ||    27
Dodge: Dodged            ||    69

Table legend: (Time is in decaauts)
 A = Elapsed time spent in this place.
 B = Non-inter-level travel time spent in this place.
 C = Inter-level travel time spent in this place.
 D = Time resting spent in this place.
 E = Time spent auto-exploring this place.
 F = Levels seen in this place.
 G = Mean time per level.
                   A        B        C        D        E       F      G
               +--------+--------+--------+--------+--------+-----+--------+
         Total |    977 |    969 |      8 |    250 |    522 |   2 |  488.5 |
       Dungeon |    977 |    969 |      8 |    250 |    522 |   2 |  488.5 |
               +--------+--------+--------+--------+--------+-----+--------+

Top non-repeatable levels by time:
     D:1: 942 daAuts
     D:2: 34 daAuts
